 Dungeon Crawl Stone Soup version 0.29-a0-393-g47a863cc1b (webtiles) character file.

Game seed: 95749064495082275

6264 sammy202020 the Fighter (level 10, -2/95 HPs)
             Began as a Minotaur Berserker on May 9, 2022.
             Was a High Priest of Trog.
             Slain by a vampire (9 damage)
             ... on level 10 of the Dungeon on May 10, 2022.
             The game lasted 00:17:21 (10168 turns).

sammy202020 the Fighter (Minotaur Berserker)       Turns: 10168, Time: 00:17:22

Health: -2/95      AC:  0    Str: 21    XL:     10   Next: 62%
Magic:  0/9        EV: 16    Int:  8    God:    Trog [*****.]
Gold:   600        SH:  0    Dex: 11    Spells: 9/9 levels left

rFire   . . .      SeeInvis .   (weapon currently unavailable)
rCold   . . .      Faith    .   (shield currently unavailable)
rNeg    . . .      Spirit   +   (body armour currently unavailable)
rPois   .          Reflect  .   (helmet currently unavailable)
rElec   .          Harm     .   (cloak currently unavailable)
rCorr   .          Rampage  .   (gloves currently unavailable)
Will    ++...                   (boots currently unavailable)
Stlth   +.........              j - amulet of guardian spirit
HPRegen 1.25/turn               (ring currently unavailable)
MPRegen 0.11/turn               (ring currently unavailable)

@: pig-form (expiring), strong-willed, on berserk cooldown, regenerating, slowed
A: fast, no casting, small, (horns 2), (retaliatory headbutt)
a: Renounce Religion, Berserk, Trog's Hand, Brothers in Arms


You were on level 10 of the Dungeon.
You worshipped Trog.
Trog was extremely pleased with you.
You were a filthy swine.
You visited 1 branch of the dungeon, and saw 10 of its levels.
You also visited: Ossuary.

You collected 600 gold pieces.

Inventory:

Hand Weapons
 r - a +0 flail
 u - the +5 great sword "Xyteivve" {vorpal, rC- rN+++ rCorr Str-2}
   (You found it on level 7 of the Dungeon)

   It inflicts extra damage upon your enemies.
   Str:       It affects your strength (-2).
   rC:        It makes you vulnerable to cold.
   rN:        It renders you almost immune to negative energy.
   rCorr:     It protects you from acid and corrosion.
 y - the +7 hand axe of False Accusations (melded) {vorpal, rPois}
   (You found it on level 6 of the Dungeon)

   It inflicts extra damage upon your enemies.
   rPois:     It protects you from poison.
 C - a +0 war axe
 D - a +0 broad axe
 H - a +1 shortbow of flaming
Missiles
 f - 3 boomerangs (quivered)
Armour
 a - a +0 cloak (melded)
 t - a +0 buckler (melded)
 E - a +1 plate armour (melded)
Jewellery
 j - an amulet of guardian spirit (around neck)
 p - a +4 ring of protection (melded)
 F - a +6 ring of strength (melded)
 G - a ring of fire
Wands
 h - a wand of paralysis (7)
 v - a wand of acid (10)
 w - a wand of polymorph (7)
 A - a wand of flame (35)
Scrolls
 d - 2 scrolls of vulnerability
 g - 2 scrolls of brand weapon
 i - a scroll of magic mapping
 k - 7 scrolls of teleportation
 s - 2 scrolls of blinking
 x - a scroll of poison
 I - a scroll of identify
Potions
 b - 3 potions of berserk rage
 c - 2 potions of haste
 e - 5 potions of heal wounds
 l - a potion of mutation
 m - a potion of brilliance
 n - 5 potions of curing
 o - 2 potions of flight
 q - a potion of invisibility {unknown}
 z - a potion of attraction {unknown}
 B - a potion of lignification {unknown}


   Skills:
 * Level 11.1 Fighting
 * Level 11.1 Axes
 + Level 7.9 Armour
 + Level 7.0 Dodging
 + Level 6.4 Shields


You had 9 spell levels left.
You didn't know any spells.
Your spell library was empty.

Dungeon Overview and Level Annotations

Branches:
Dungeon (10/15)            Temple (0/1) D:6             Orc (0/2) D:9
Ossuary (visited)
   Lair: D:8-11

Altars:
Yredelemnul
The Shining One


Innate Abilities, Weirdness & Mutations

You are a filthy swine.
You move quickly.
Your equipment is almost entirely melded.
You are incapable of wielding weapons or throwing items.
You cannot cast spells.
((You have a pair of horns on your head.))
((You reflexively headbutt those who attack you in melee.))


Message History

You barely miss the vampire. You hit the vampire but do no damage.
Something hits you. Something bites you!
Something draws strength from your injuries!
The vampire hits you! The vampire misses you.
You hit the vampire.
The vampire is lightly damaged.
You barely miss the vampire.
The vampire is lightly damaged.
Something hits you. Something completely misses you.
The vampire closely misses you. The vampire barely misses you.
You closely miss the vampire.
The vampire is lightly damaged.
You hit the vampire.
The vampire is moderately damaged.
Something hits you! Something barely misses you. The vampire barely misses you.
The vampire bites you!
The vampire draws strength from your injuries!
You hit the vampire.
The vampire is moderately damaged.
You barely miss the vampire.
The vampire is moderately damaged.
Something hits you. Something barely misses you.
The vampire completely misses you. The vampire bites you!
* * * LOW HITPOINT WARNING * * *
The vampire draws strength from your injuries!
You hit the vampire.
The vampire is moderately damaged.
Something hits you!
* * * LOW HITPOINT WARNING * * *
Something bites you.
* * * LOW HITPOINT WARNING * * *
Something draws strength from your injuries!
You feel a strong urge to attack something.
Your transformation is almost over.
You are no longer berserk.
You are exhausted.
You feel yourself slow down. Something hits you!
* * * LOW HITPOINT WARNING * * *
Something bites you!
You die...

##.......## #...
#....###..###.#.
#....# ##..##.##
###....# ##....#.
#......# ##.....
##.#....### .......
#..####......#.####
#####.##....######.#
#....Vh..# ## #.# #
#..###.#### ##..####
# .... ........
#...... #.......
#..>.... ..######
#........ .
#........# #
##########


You could see a vampire.

Vanquished Creatures
  The ghost of osinmv the Destroyer, a novice DECj of Vehumet (D:9)
  Maurice (D:10)
  6 yaks (D:9)
  A steam dragon (D:6)
  4 vampire mosquitoes (D:10)
  An acid dragon (D:9)
  2 water moccasins
  4 orc warriors
  2 ice beasts (D:6)
  A black bear (D:5)
  2 sky beasts
  An ogre (D:6)
  5 centaurs
  5 kobold brigands
  3 bullfrogs
  4 scorpions
  5 wights (D:7)
  12 killer bees (D:9)
  4 howler monkeys (D:10)
  4 orc priests
  A gnoll shaman (D:6)
  A hound (D:6)
  5 orc wizards
  2 iguanas
  3 mummies (Ossuary)
  8 gnolls
  11 adders
  A white imp (D:6)
  3 ufetubi
  An adder zombie (Ossuary)
  3 worms
  2 dart slugs
  27 orcs
  6 endoplasms
  2 giant cockroaches
  4 goblins
  5 hobgoblins
  3 jackals (D:2)
  7 ball pythons
  3 bats
  A frilled lizard (D:1)
  2 goblin zombies (Ossuary)
  3 hobgoblin zombies (Ossuary)
  36 kobolds
  4 kobold zombies (Ossuary)
  2 quokka zombies (Ossuary)
  2 rats
  6 rat zombies (Ossuary)
  A spectral orc (D:6)
223 creatures vanquished.

Notes
Turn   | Place    | Note
-------+----------+-------------------------------------------
     0 | D:1      | sammy202020 the Minotaur Berserker began the quest for the
                  | Orb.
     0 | D:1      | Reached XP level 1. HP: 19/19 MP: 0/0
   384 | D:1      | Reached XP level 2. HP: 27/27 MP: 1/1
  1211 | D:2      | Identified the +2 robe of the Wild Haggis {rF+++ rC- Will++
                  | Slay-3}
  1217 | D:2      | Reached ** piety under Trog
  1243 | D:2      | Reached XP level 3. HP: 26/33 MP: 0/2
  1572 | D:2      | You fall into a shaft and drop 1 floor!
  1817 | D:2      | Reached XP level 4. HP: 34/41 MP: 3/3
  1959 | D:2      | Found a faded altar of an unknown god.
  2973 | D:4      | Noticed a scorpion
  2985 | D:4      | Killed a scorpion
  2986 | D:4      | Reached skill level 5 in Fighting
  2986 | D:4      | Reached skill level 5 in Axes
  2986 | D:4      | Reached XP level 5. HP: 10/48 MP: 2/4
  2992 | D:4      | Identified the +0 ring mail of Mipy {Drain +Blink Int+4}
  3595 | D:5      | Entered Level 5 of the Dungeon
  3772 | D:5      | Noticed a centaur
  3779 | D:5      | Killed a centaur
  3780 | D:5      | Reached XP level 6. HP: 57/57 MP: 3/5
  4051 | D:5      | Found a sand-covered staircase.
  4118 | Ossuary  | Entered an ossuary
  4373 | Ossuary  | Reached *** piety under Trog
  4559 | D:5      | Reached XP level 7. HP: 63/63 MP: 6/6
  4984 | D:6      | Reached skill level 1 in Shields
  5083 | D:6      | Noticed a steam dragon
  5093 | D:6      | Killed a steam dragon
  5363 | D:6      | Reached skill level 5 in Armour
  5363 | D:6      | Reached XP level 8. HP: 65/73 MP: 7/7
  5554 | D:6      | Found a basalt altar of Yredelemnul.
  5765 | D:6      | Identified the +7 hand axe of False Accusations {vorpal,
                  | rPois}
  5829 | D:6      | Found a staircase to the Ecumenical Temple.
  6012 | D:7      | Reached skill level 5 in Dodging
  6255 | D:7      | Reached **** piety under Trog
  6275 | D:7      | Reached XP level 9. HP: 41/81 MP: 3/8
  7456 | D:7      | Identified the +5 great sword "Xyteivve" {vorpal, rC- rN+++
                  | rCorr Str-2}
  7617 | D:8      | Identified the +9 dagger of Popular Demand {drain, Dex+2}
  8368 | D:9      | Reached skill level 5 in Shields
  8395 | D:9      | Found a glowing golden altar of the Shining One.
  8499 | D:9      | Found a staircase to the Orcish Mines.
  8786 | D:9      | Reached skill level 10 in Fighting
  8791 | D:9      | Found a runed translucent door.
  8792 | D:9      | Noticed osinmv's ghost (novice DECj)
  8802 | D:9      | Killed osinmv's ghost
  8803 | D:9      | Reached skill level 10 in Axes
  8803 | D:9      | Reached XP level 10. HP: 93/93 MP: 7/9
  8904 | D:9      | Reached ***** piety under Trog
  9518 | D:10     | Entered Level 10 of the Dungeon
  9639 | D:10     | Noticed Maurice
  9682 | D:10     | Killed Maurice
 10168 | D:10     | Slain by a vampire

Illustrated notes

Levels and vault maps discovered:
D:1:      amcnicky_arrival_single_pillar, layout_basic, minivault_11
D:2:      layout_basic, chequers_ecumenical_altar_twisty
D:3:      layout_basic
D:4:      layout_basic, nrook_mini_vaults, small_statue_intersection,
          minmay_misc_feat_room, minmay_misc_feat_plants,
          chequers_serial_rivers_marsh
D:5:      layout_basic, nicolae_ossuary_entry_monument
D:6:      layout_basic, yredelemnul_forgotten_temple_becter,
          minmay_temple_entry_purple_smoke
D:7:      layout_layer_cave, kennysheep_generic_room_16
D:8:      layout_basic
D:9:      layout_loops_ring, nicolae_tso_carved_into_rock,
          gammafunk_ghost_grave, kennysheep_cross_bottleneck
D:10:     layout_rooms, lair_entry_dummy, uniq_maurice

Skill      XL: |  1  2  3  4  5  6  7  8  9 10 |
---------------+-------------------------------+-----
Fighting       | 4 5 6 7 8 10 11 | 11.1
Axes           | 4 5 6 7 8 10 11 | 11.1
Armour         | 3 4 5 6 7 |  7.9
Dodging        | 3 4 5 6 7 |  7.0
Shields        | 2 3 5 6 |  6.4

Action                   |  1- 3 |  4- 6 |  7- 9 | 10-12 || total
-------------------------+-------+-------+-------+-------++-------
Melee: Hand axe          |    86 |   123 |   260 |   117 ||   586
       Headbutt          |     8 |    24 |    62 |    16 ||   110
       Punch             |       |     1 |       |       ||     1
       Unarmed           |       |       |       |    12 ||    12
Invok: Berserk           |       |     2 |     3 |     1 ||     6
       Trog's Hand       |       |     1 |     1 |     1 ||     3
  Use: Scroll            |       |    18 |     3 |       ||    21
 Stab: Sleeping          |     1 |       |       |       ||     1
Armor: Animal skin       |    11 |     4 |       |       ||    15
       Scale mail        |       |    44 |       |       ||    44
       Chain mail        |       |    22 |    91 |       ||   113
       Plate armour      |       |       |    47 |    57 ||   104
Dodge: Dodged            |    55 |    50 |    87 |    47 ||   239
Block: Buckler           |       |     6 |    58 |    17 ||    81

Table legend: (Time is in decaauts)
 A = Elapsed time spent in this place.
 B = Non-inter-level travel time spent in this place.
 C = Inter-level travel time spent in this place.
 D = Time resting spent in this place.
 E = Time spent auto-exploring this place.
 F = Levels seen in this place.
 G = Mean time per level.
                   A        B        C        D        E       F      G
               +--------+--------+--------+--------+--------+-----+--------+
         Total |  10193 |   9915 |    278 |    299 |   8139 |  11 |  926.6 |
       Dungeon |   9783 |   9505 |    278 |    199 |   7923 |  10 |  978.3 |
       Ossuary |    409 |    409 |      0 |    100 |    216 |   1 |  409.0 |
               +--------+--------+--------+--------+--------+-----+--------+

Top non-repeatable levels by time:
     D:7: 1549 daAuts
     D:9: 1328 daAuts
     D:2: 1112 daAuts
     D:1: 1025 daAuts
     D:6: 1018 daAuts
     D:4: 963 daAuts
     D:5: 950 daAuts
     D:8: 680 daAuts
    D:10: 630 daAuts
     D:3: 523 daAuts
 Ossuary: 409 daAuts
